 Dungeon Crawl Stone Soup version 0.26-a0-784-g51bffae0b1 (webtiles) character file.

Game seed: 12919071017489469036

2751 Kinoniko the Slasher (level 10, 0/66 HPs)
             Began as a Halfling Fighter on Nov 10, 2020.
             Was a Priest of Elyvilon.
             Slain by Erica
             ... wielding a +0 scimitar of flaming
              (2 damage)
             ... on level 8 of the Dungeon.
             The game lasted 00:10:06 (6619 turns).

Kinoniko the Slasher (Halfling Fighter)             Turns: 6619, Time: 00:10:07

Health: 0/66       AC: 16    Str: 20 (23) XL:     10   Next: 0%
Magic:  14/14      EV: 10    Int:  5 (8)  God:    Elyvilon [***...]
Gold:   526        SH: 11    Dex: 15 (16) Spells: 9/9 levels left

rFire    . . .     SeeInvis .   a - +3 long sword
rCold    + . .     Faith    .   c - +0 kite shield
rNeg     . . .     Spirit   .   d - +4 chain mail of the Orb Guardian {rC+ MR+}
rPois    .         Reflect  .   (no helmet)
rElec    .         Harm     .   (no cloak)
rCorr    +         Rampage  .   y - +0 pair of gloves
MR       +....                  r - +0 pair of boots
Stlth    ..........             t - amulet of the acrobat
HPRegen  0.21/turn              p - ring of resist corrosion
MPRegen  0.14/turn              q - +6 ring of strength

@: lethally poisoned (0 -> -5), attractive
A: small, mutation resistance 1
a: Lesser Healing, Heal Other, Purification, Divine Protection, Renounce
Religion


You were on level 8 of the Dungeon.
You worshipped Elyvilon.
Elyvilon was most pleased with you.
You visited 2 branches of the dungeon, and saw 9 of its levels.

You collected 526 gold pieces.

Inventory:

Hand Weapons
 a - a +3 long sword (weapon)
Armour
 c - a +0 kite shield (worn)
 d - the +4 chain mail of the Orb Guardian (worn) {rC+ MR+}
   (You took it off an orc on level 4 of the Dungeon)

   It protects you from cold.
   It affects your resistance to hostile enchantments.
 r - a +0 pair of boots (worn)
 y - a +0 pair of gloves (worn)
Jewellery
 p - a ring of resist corrosion (left hand)
 q - a +6 ring of strength (right hand)
 t - an amulet of the acrobat (around neck)
Scrolls
 g - 5 scrolls of immolation
 h - 5 scrolls of remove curse
 i - 8 scrolls of teleportation
 n - a scroll of magic mapping
 v - 2 scrolls of blinking {unknown}
 x - a scroll of amnesia
 z - a scroll of identify
Potions
 b - a potion of degeneration
 e - a potion of mutation
 f - 2 potions of might
 k - a potion of curing
 l - a potion of resistance {unknown}
 o - a potion of haste {unknown}
 s - a potion of brilliance {unknown}
 u - a potion of magic {unknown}
 A - a potion of cancellation {unknown}


   Skills:
 + Level 5.5 Fighting
 * Level 7.8 Long Blades
 - Level 4.9 Armour
 - Level 4.0 Dodging
 + Level 6.7 Shields
 * Level 5.4 Invocations


You had 9 spell levels left.
You didn't know any spells.
Your spell library contained the following spells:

 Spells                   Type           Power        Failure   Level
 Animate Skeleton         Necr           #.....       100%        1
 Apportation              Tloc           #.....       100%        1
 Corona                   Hex            #......      100%        1
 Freeze                   Ice            #...         100%        1
 Summon Small Mammal      Summ           #...         100%        1
 Ensorcelled Hibernation  Hex/Ice        #.....       100%        2
 Slow                     Hex            #.......     100%        2
 Confusing Touch          Hex            #.......     100%        3
 Dazzling Flash           Conj/Hex       #.....       100%        3
 Frozen Ramparts          Ice            #.....       100%        3
 Gell's Gravitas          Tloc           #.........   100%        3
 Inner Flame              Hex/Fire       #.......     100%        3
 Ozocubu's Armour         Ice            #.......     100%        3
 Portal Projectile        Hex/Tloc       #.....       100%        3
 Tukima's Dance           Hex            #.......     100%        3
 Cause Fear               Hex            #.........   100%        4
 Hailstorm                Conj/Ice       #.......     100%        4
 Leda's Liquefaction      Hex/Erth       #.........   100%        4
 Petrify                  Tmut/Erth      #.......     100%        4
 Summon Ice Beast         Ice/Summ       #.......     100%        4
 Metabolic Englaciation   Hex/Ice        #.........   100%        5
 Yara's Violent Unravell  Hex/Tmut       #.........   100%        5


Dungeon Overview and Level Annotations

Branches:
Dungeon (8/15)             Temple (1/1) D:5
   Lair: D:8-11

Altars:
Ashenzari
Cheibriados
Dithmenos
Elyvilon
Fedhas
Hepliaklqana
Kikubaaqudgha
Nemelex Xobeh
Okawaru
Qazlal
Ru
Sif Muna
Uskayaw
Vehumet
Wu Jian
Xom
Yredelemnul
The Shining One

Shops:
D:4 (   D:5 (   D:7 *

Annotations:
D:8 Erica


Innate Abilities, Weirdness & Mutations

You are small and have problems with some larger weapons.
You are somewhat resistant to further mutation.


Message History

The bolt of poison hits you!
You are poisoned.
* * * LOW HITPOINT WARNING * * *
You are confused.
You feel invigorated.
* * * LOW HITPOINT WARNING * * *
You feel sick. Something hits you but does no damage.
You bump into the rock wall.
You feel sick.
You bump into the rock wall.
You feel less invigorated.
You feel less confused. Something hits you but does no damage.
Unknown command.
You hit something but do no damage.
You feel sick. Something hits you!
* * * LOW HITPOINT WARNING * * *
Something burns you.
* * * LOW HITPOINT WARNING * * *
You closely miss something.
* * * LOW HITPOINT WARNING * * *
You feel sick. Something hits you.
You die...

##... #..# #.# #.#
#.# #.# #.######
#{#....# #@#....#
#.#.)..#
#######.#....#
.............#
..#####.#)...#
#.#....# .
#.#....# .
#.#....# .
###########.######


There were no monsters in sight!

Vanquished Creatures
  A wraith (D:8)
  Menkaure (D:4)
  2 orc warriors
  An ice beast (D:8)
  An eye of draining (D:8)
  3 sky beasts
  2 phantoms
  3 ogres
  2 centaurs
  4 bullfrogs
  A wyvern skeleton (D:8)
  A scorpion (D:4)
  A quasit (D:8)
  A centaur zombie (D:7)
  3 hounds
  A jelly (D:6)
  5 orc wizards
  4 orc priests
  2 iguanas (D:5)
  4 worker ants
  3 hound skeletons
  A worker ant zombie (D:6)
  6 adders
  A howler monkey skeleton (D:6)
  A shadow imp (D:5)
  2 white imps
  An ufetubus (D:8)
  2 oozes
  An adder zombie (D:5)
  5 worms
  4 dart slugs
  3 leopard geckos
  25 orcs
  8 bats
  7 giant cockroaches
  7 goblins
  10 hobgoblins
  2 jackals (D:6)
  3 kobolds
  4 quokkas
  5 frilled lizards
  8 rats
152 creatures vanquished.

Notes
Turn   | Place    | Note
-------+----------+-------------------------------------------
     0 | D:1      | Kinoniko the Halfling Fighter began the quest for the Orb.
     0 | D:1      | Reached XP level 1. HP: 15/15 MP: 1/1
   322 | D:1      | Reached XP level 2. HP: 20/20 MP: 2/2
   553 | D:1      | Reached XP level 3. HP: 18/25 MP: 3/3
   557 | D:1      | Reached skill level 1 in Dodging
   952 | D:2      | You fall into a shaft and drop 2 floors!
   965 | D:4      | Noticed a scorpion
   970 | D:4      | Killed a scorpion
   970 | D:4      | Reached skill level 3 in Long Blades
   970 | D:4      | Reached XP level 4. HP: 10/31 MP: 4/4
   974 | D:4      | Identified the +4 chain mail of the Orb Guardian {rC+ MR+}
  1000 | D:4      | Reached XP level 5. HP: 27/36 MP: 5/5
  1394 | D:2      | Reached XP level 6. HP: 42/42 MP: 6/6
  1492 | D:2      | Found a hide-covered altar of Uskayaw.
  1655 | D:2      | Reached skill level 4 in Long Blades
  1852 | D:3      | Found a faded altar of an unknown god.
  2609 | D:3      | Found an ornate altar of the Wu Jian Council.
  2968 | D:4      | Noticed Menkaure
  2980 | D:4      | Killed Menkaure
  2980 | D:4      | Reached XP level 7. HP: 35/47 MP: 7/7
  3059 | D:4      | Found a blossoming altar of Fedhas.
  3105 | D:4      | Found Votyloack's Antique Weapon Boutique.
  3342 | D:4      | Reached skill level 5 in Long Blades
  3485 | D:5      | Entered Level 5 of the Dungeon
  3505 | D:5      | Found a staircase to the Ecumenical Temple.
  3521 | Temple   | Entered the Ecumenical Temple
  3527 | Temple   | Became a worshipper of Elyvilon the Healer
  3667 | D:5      | Reached skill level 5 in Shields
  3898 | D:5      | Reached XP level 8. HP: 53/54 MP: 8/8
  4223 | D:5      | Found Kaulla's Antique Weapon Shoppe.
  4496 | D:5      | Reached * piety under Elyvilon
  4712 | D:6      | Reached skill level 6 in Long Blades
  4712 | D:6      | Reached skill level 1 in Invocations
  4948 | D:6      | Reached XP level 9. HP: 54/59 MP: 10/10
  5126 | D:6      | Reached ** piety under Elyvilon
  5333 | D:6      | Found a snail-covered altar of Cheibriados.
  5333 | D:6      | Found a sacrificial altar of Ru.
  5677 | D:7      | Found Maof's Assorted Antiques.
  5684 | D:7      | Reached skill level 5 in Fighting
  5818 | D:7      | Found a radiant altar of Vehumet.
  5839 | D:7      | Reached skill level 7 in Long Blades
  6122 | D:7      | Reached *** piety under Elyvilon
  6391 | D:8      | Reached skill level 5 in Invocations
  6562 | D:8      | Reached XP level 10. HP: 66/66 MP: 14/14
  6578 | D:8      | Noticed Erica
  6612 | D:8      | HP: 2/66 [something (6)]
  6618 | D:8      | HP: 3/66 [something (1)]
  6619 | D:8      | Slain by Erica

Illustrated notes

Levels and vault maps discovered:
D:1:      dpeg_arrival_rooms_c, layout_loops_cross, serial_rivers,
          chequers_serial_rivers_micro_e, chequers_serial_rivers_large_a,
          chequers_serial_rivers_room_b, chequers_serial_rivers_micro_c,
          chequers_serial_rivers_micro_a, minmay_tall_x
D:2:      layout_rooms, lemuel_round_altar, skrybe_limestone_x
D:3:      layout_basic, lemuel_coloured_pillars_altar,
          chequers_ecumenical_altar_twisty
D:4:      layout_basic, fedhas_ov_isle_minmay, serial_shops, shop, uniq_menkaure
D:5:      layout_loops_ring, minmay_temple_entry_trees, serial_shops,
          kennysheep_little_box, serial_co_window_serial,
          co_window_of_opportunity_a, co_window_corner_a, co_window_paths_a,
          co_window_corner_a, co_window_paths_a, co_window_paths_a,
          co_window_broadway_a, co_window_broadway_b, co_window_corner_ca,
          glass_columns_b, glass_columns_c, glass_columns_c, glass_columns_a,
          glass_columns_a
D:6:      layout_basic, gammafunk_temple_overflow_statue
D:7:      layout_rooms, basic_altar, serial_shops, shop
D:8:      layout_rooms, uniq_erica
Temple:   nicolae_temple_x_marks_the_god

Skill      XL: |  1  2  3  4  5  6  7  8  9 |
---------------+----------------------------+-----
Dodging        | 1 2 3 4 |  4.0
Fighting       | 3 4 5 |  5.5
Long Blades    | 3 4 5 6 7 |  7.8
Shields        | 4 5 6 |  6.7
Armour         | 4 |  4.9
Invocations    | 2 5 |  5.4

Action                   |  1- 3 |  4- 6 |  7- 9 | 10-12 || total
-------------------------+-------+-------+-------+-------++-------
Melee: Short sword       |    12 |       |       |       ||    12
       Long sword        |    31 |   200 |   355 |    24 ||   610
  Use: Scroll            |     3 |     6 |     5 |       ||    14
       Potion            |       |     4 |       |     6 ||    10
Armor: Scale mail        |    12 |     4 |       |       ||    16
       Skin              |       |    13 |       |       ||    13
       Chain mail        |       |    99 |   148 |     8 ||   255
Dodge: Dodged            |    17 |    79 |   138 |     7 ||   241
Block: Kite shield       |    28 |   150 |   167 |     5 ||   350
       Rpst.: Long sword |     6 |    25 |    38 |       ||    69

Table legend: (Time is in decaauts)
 A = Elapsed time spent in this place.
 B = Non-inter-level travel time spent in this place.
 C = Inter-level travel time spent in this place.
 D = Time resting spent in this place.
 E = Time spent auto-exploring this place.
 F = Levels seen in this place.
 G = Mean time per level.
                   A        B        C        D        E       F      G
               +--------+--------+--------+--------+--------+-----+--------+
         Total |   6774 |   6581 |    193 |    597 |   4568 |   9 |  752.7 |
       Dungeon |   6757 |   6569 |    188 |    597 |   4568 |   8 |  844.6 |
        Temple |     17 |     12 |      5 |      0 |      0 |   1 |   17.0 |
               +--------+--------+--------+--------+--------+-----+--------+

Top non-repeatable levels by time:
     D:3: 1245 daAuts
     D:5: 1193 daAuts
     D:6: 1017 daAuts
     D:1: 977 daAuts
     D:4: 750 daAuts
     D:2: 610 daAuts
     D:7: 604 daAuts
     D:8: 358 daAuts
  Temple: 17 daAuts
